 Dungeon Crawl Stone Soup version 0.17-a0-1637-g5d65775 (webtiles) character file.

434 LilCorpsy the Sneak (level 7, -1/50 HPs)
             Began as a Human Assassin on Aug 7, 2015.
             Killed from afar by jyrma's ghost (8 damage)
             ... with a magic dart
             ... on level 5 of the Dungeon.
             The game lasted 00:12:49 (3814 turns).

LilCorpsy the Sneak (Human Assassin)                Turns: 3814, Time: 00:12:49

Health: -1/50      AC:  7    Str: 12    XL:     7   Next: 20%
Magic:  7/7        EV: 12    Int: 16    God:
Gold:   154        SH:  3    Dex: 16    Spells: 0 memorised, 6 levels left

rFire  . . .     SeeInvis .     k - +2 short sword (speed)
rCold  . . .     Clarity  .     c - +0 robe
rNeg   . . .     SustAt   +     h - +0 buckler
rPois  .         Gourm    .     w - +2 helmet
rElec  .         Spirit   .     d - +1 cloak
rCorr  .         Warding  .     (no gloves)
rMut   .         Stasis   .     (no boots)
MR     +....                    (no amulet)
Stlth  +++.......               n - ring of sustain attributes
                                o - ring of protection from magic

@: brilliant, somewhat resistant to hostile enchantments, fairly stealthy
A: no striking features
a: no special abilities


You were on level 5 of the Dungeon.
You were hungry.

You visited 1 branch of the dungeon, and saw 5 of its levels.

You collected 154 gold pieces.

Inventory:

Hand weapons
 b - a +0 blowgun
 k - a +2 short sword of speed (weapon)
Missiles
 e - 14 poisoned needles
 f - 2 curare-tipped needles
Armour
 c - a +0 robe (worn)
 d - a +1 cloak (worn)
 h - a +0 buckler (worn)
 w - a +2 helmet (worn)
 y - the cursed +3 robe of Folly {Archmagi, MR-- Int+5 *Curse}
   (You found it on level 6 of the Dungeon)

   It affects your intelligence (+5).
   It affects your resistance to hostile enchantments.
   It may re-curse itself when equipped.
   It has a curse placed upon it.
Jewellery
 i - an uncursed ring of fire
 n - a ring of sustain attributes (right hand)
 o - a ring of protection from magic (left hand)
Magical devices
 t - a wand of digging (8)
 v - a wand of polymorph (23)
Scrolls
 g - a scroll of teleportation {unknown}
 j - 2 scrolls of identify
 l - 2 scrolls of amnesia
 C - a scroll of enchant weapon {unknown}
 D - a scroll of recharging
Potions
 a - a potion of invisibility
 m - a potion of resistance
 q - 2 potions of curing
 u - a potion of haste
Books
 p - a book of Debilitation

   Spells                             Type                      Level
   a - Corona                         Hexes                        1
   b - Slow                           Hexes                        2
   c - Gell's Gravitas                Hexes/Translocation          3
   d - Inner Flame                    Hexes/Fire                   3
   e - Cause Fear                     Hexes                        4
   f - Leda's Liquefaction            Hexes/Earth                  4
 s - a book of Conjurations

   Spells                             Type                      Level
   a - Magic Dart                     Conjuration                  1
   b - Searing Ray                    Conjuration                  2
   c - Dazzling Spray                 Conjuration/Hexes            3
   d - Fulminant Prism                Conjuration/Hexes            4
   e - Iskenderun's Mystic Blast      Conjuration                  4
   f - Iskenderun's Battlesphere      Conjuration/Charms           5
Comestibles
 r - 2 slices of pizza
 z - 4 fruits
 B - a beef jerky
 E - a bread ration


   Skills:
 - Level 2.0 Fighting
 * Level 5.1 Short Blades
 - Level 2.0 Throwing
 + Level 3.0 Dodging
 * Level 6.0 Stealth


You had 6 spell levels left.
You didn't know any spells.

Dungeon Overview and Level Annotations

Branches:
Dungeon (6/15)
 Temple: D:4-7

Altars:
Cheibriados
Dithmenos
Qazlal
Ru
Sif Muna

Annotations:
D:5 jyrma's ghost, experienced DECj


Message History

The quokka skeleton closely misses you.
You feel better.
You feel less invigorated. Jyrma's ghost hits you.
* * * LOW HITPOINT WARNING * * *
Jyrma's ghost freezes you.
* * * LOW HITPOINT WARNING * * *
The quokka skeleton bites you.
* * * LOW HITPOINT WARNING * * *
You closely miss jyrma's ghost.
Jyrma's ghost is severely damaged.
Jyrma's ghost gestures at you while chanting.
The magic dart hits you!
You barely miss jyrma's ghost.
Jyrma's ghost is severely damaged.
The quokka skeleton bites you.
* * * LOW HITPOINT WARNING * * *
You hit jyrma's ghost but do no damage.
Jyrma's ghost is severely damaged.
Jyrma's ghost gestures at you while chanting.
The magic dart hits you!
You die...

#.###...##
#..#.### #.#.#
#...# ##..##
## #...#
#..#...#
##...Z..#####
#....W@.....#
#..#.........#
.
###....#..P..
#.<.....#_P
#..)#...# .
######..# ..#
...


You could see jyrma's ghost and a quokka skeleton.

Vanquished Creatures
  Edmund (D:6)
  3 hounds
  A giant frog zombie (D:6)
  A jelly (D:3)
  A hound skeleton (D:5)
  Robin (D:2)
  7 adders
  2 worms
  2 ball pythons
  7 bats
  18 goblins
  8 hobgoblins
  8 jackals
  13 kobolds
  A quokka (D:5)
  A ball python skeleton (D:5)
  2 giant cockroaches
  2 giant geckos
  A giant gecko skeleton (D:6)
  A jackal skeleton (D:6)
  9 rats
90 creatures vanquished.

Notes
Turn   | Place    | Note
--------------------------------------------------------------
     0 | D:1      | LilCorpsy the Human Assassin began the quest for the Orb.
     0 | D:1      | Reached XP level 1. HP: 16/16 MP: 1/1
    77 | D:1      | Reached XP level 2. HP: 17/22 MP: 2/2
   245 | D:1      | Reached XP level 3. HP: 11/27 MP: 3/3
  1014 | D:2      | Noticed Robin
  1032 | D:2      | Reached XP level 4. HP: 26/33 MP: 4/4
  1128 | D:2      | Found a deep blue altar of Sif Muna.
  1610 | D:2      | Killed Robin
  2185 | D:2      | Reached XP level 5. HP: 38/38 MP: 5/5
  2783 | D:3      | Found a stormy altar of Qazlal.
  2903 | D:3      | Reached skill level 5 in Stealth
  3017 | D:3      | You fall through a shaft for 3 floors!
  3017 | D:6      | Noticed Edmund
  3029 | D:6      | Killed Edmund
  3029 | D:6      | Reached XP level 6. HP: 22/44 MP: 6/6
  3286 | D:6      | Found a snail-covered altar of Cheibriados.
  3348 | D:6      | Reached XP level 7. HP: 50/50 MP: 7/7
  3433 | D:6      | Found a sacrificial altar of Ru.
  3433 | D:6      | Noticed an ice beast
  3490 | D:5      | Entered Level 5 of the Dungeon
  3500 | D:5      | Reached skill level 5 in Short Blades
  3500 | D:5      | Reached skill level 6 in Stealth
  3786 | D:5      | Noticed jyrma's ghost (experienced DECj)
  3789 | D:5      | Found a shadowy altar of Dithmenos.
  3814 | D:5      | Killed from afar by jyrma's ghost

Vault maps used:
D:1:      lemuel_arrival_lava_pool
D:2:      lemuel_doored_altar, uniq_robin
D:3:      nicolae_qazlal_general_emergency
D:5:      okawaru_trees_1, gammafunk_temple_overflow_forgotten, first_bread,
          moated_statue, tgw_sif
D:6:      cheibriados_altar_1, nicolae_ru_awakened_eye, grunt_decor_arrowhead,
          minivault_1, uniq_edmund

Action                   |  1- 3 |  4- 6 |  7- 9 || total
-------------------------+-------+-------+-------++-------
Melee: Dagger            |    47 |       |       ||    47
       Short sword       |    22 |   182 |    62 ||   266
       Unarmed           |       |    11 |       ||    11
  Use: Scroll            |       |     7 |       ||     7
       Potion            |       |     2 |     4 ||     6
 Stab: Sleeping          |     7 |    12 |     1 ||    20
  Eat: Bread ration      |       |     2 |       ||     2
